 Dungeon Crawl Stone Soup version 0.29.1-12-g30fa7ad0bf (webtiles) character file.

Game seed: 9745184702485934305

18 AarnesTheHuman the Chiller (level 3, 26/26 HPs)
             Began as a Meteoran Ice Elementalist on Dec 15, 2022.
             Got out of the dungeon alive.
             The game lasted 00:01:08 (341 turns).

AarnesTheHuman the Chiller (MeIE)                    Turns: 341, Time: 00:01:09

Health: 26/26      AC:  2    Str: 10    XL:     3   Next: 5%
Magic:  8/8        EV: 12    Int: 18    God:
Gold:   24         SH:  0    Dex: 14    Spells: 7/8 levels left

rFire   . . .      SeeInvis .   (no weapon)
rCold   . . .      Faith    .   (no shield)
rNeg    . . .      Spirit   .   a - +0 robe
rPois   .          Reflect  .   (no helmet)
rElec   .          Harm     .   (no cloak)
rCorr   .          Rampage  .   (no gloves)
Will    .....                   (no boots)
Stlth   +.........              (no amulet)
HPRegen 0.08/turn               (no ring)
MPRegen 0.11/turn               (no ring)

@: glowing
A: sense surroundings 1, otherworldly, glowing, explore regen
a: no special abilities


You escaped.
You visited 1 branch of the dungeon, and saw 2 of its levels.

You collected 24 gold pieces.

Inventory:

Hand Weapons
 c - a +0 short sword
Armour
 a - a +0 robe (worn)
Jewellery
 d - an amulet of faith
Scrolls
 e - a scroll of identify {unknown}
Potions
 b - a potion of magic


   Skills:
 - Level 2.4 Dodging
 - Level 1.4 Stealth
 + Level 3.4 Spellcasting
 + Level 4.8 Ice Magic


You had 7 spell levels left.
You knew the following spells:

 Your Spells              Type           Power      Damage    Failure   Level
a - Freeze                Ice            80%        1d9       2%          1

Your spell library contained the following spells:

 Spells                   Type           Power      Damage    Failure   Level
 Frozen Ramparts          Ice            40%        1d7       6%          3
 Ozocubu's Armour         Ice            20%        N/A       6%          3
 Hailstorm                Conj/Ice       11%        3d5       50%         4


Dungeon Overview and Level Annotations

Branches:
Dungeon (2/15) Zot: 858

Altars:


Innate Abilities, Weirdness & Mutations

You passively map a small area around you.
You are easily found by Zot.
You glow in the dark.
You regain HP and MP as you explore.


Message History

Press: ? - help, Shift-Dir - straight line, f/p - endoplasm
Aim: an endoplasm (almost dead)
You miscast Freeze.
You are very lightly contaminated with residual magic.
Nothing appears to happen.
The endoplasm hits you.
An endoplasm is nearby!
Casting: Freeze (safe; 2% risk of failure)
Confirm with . or Enter, or press ? or * to list all spells.
Aiming: Freeze (safe; 2% risk of failure)
Press: ? - help, Shift-Dir - straight line, f/p - endoplasm
Aim: an endoplasm (almost dead)
You freeze the endoplasm.
You kill the endoplasm!
You have reached level 3!
Your experience leads to an increase in your attributes!
Increase (S)trength, (I)ntelligence, or (D)exterity?
You feel clever. x2; You feel stronger.
Your magical contamination has completely faded away.
A bat comes into view.
Found a club.
A bat is nearby!
Found a book of Power.
The bat closely misses you.
Casting: Freeze (safe; 2% risk of failure)
Confirm with . or Enter, or press ? or * to list all spells.
Aiming: Freeze (safe; 2% risk of failure)
Press: ? - help, Shift-Dir - straight line, f - bat
Aim: a bat You freeze the bat.
You kill the bat!
There is a stone staircase leading down here.
You climb downwards.
Magic restored.
Found 19 gold pieces and a dagger.
There is a stone staircase leading up here.
You climb upwards.
There is a stone staircase leading down here.
You see here a ball python skeleton.
There is an open door here.
There is a staircase leading out of the dungeon here.
Are you sure you want to leave the Dungeon?
This will make you lose the game!
You have escaped!

..# #.## ♣#.##~ ##
#.... ..#
#..#♣♣#.#.♣##$# #.###
.## #♣♣...........♣
#.# .# ♣...........♣
#.### .#
♣..#######..♣ #....
.# ##♣..#.....#..♣#
#..## .#
####≈...#.....'...##
#..# .#
#....#..#.....#..#.#
#..# .#
#.###...#.@..P+...#≈#
##.# .# #.#
♣♣..#.....#..###.#
#.# .######.##
#..#######..♣ #.# #.#
.........#
♣...........# #.#
#.## ##..######
♣...........♣ #.#
#... #..# *
♣##♣♣.#.♣~♣#♣##.#
#.#. #..# * *
♣#.♣##♣* ...# #.#.
#..# , , #♣♣ *
#.###.#. #..# ,* , *
* #>......


There were no monsters in sight!

Vanquished Creatures
  A dart slug (D:1)
  A ball python (D:1)
  A bat (D:1)
  3 endoplasms (D:1)
  2 giant cockroaches (D:1)
  2 hobgoblins (D:1)
  A quokka (D:1)
  A kobold (D:1)
  A rat (D:1)
13 creatures vanquished.

Notes
Turn   | Place    | Note
-------+----------+-------------------------------------------
     0 | D:1      | AarnesTheHuman the Meteoran Ice Elementalist began the
                  | quest for the Orb.
     0 | D:1      | Reached XP level 1. HP: 14/14 MP: 5/5
    79 | D:1      | Reached XP level 2. HP: 18/20 MP: 5/7
   105 | D:1      | Found a faded altar of an unknown god.
   228 | D:1      | Reached XP level 3. HP: 21/26 MP: 4/8
   341 | D:$      | Got out of the dungeon alive.

Illustrated notes

Levels and vault maps discovered:
D:1:      saegor_arrival_under_anarchy, layout_loops_ring,
          hellmonk_ecumenical_altar_arch_garden
D:2:      layout_basic, chequers_serial_rivers_room_b

Skill      XL: |  1 |
---------------+----+-----
Spellcasting   | 3 |  3.4
Dodging        | |  2.4
Stealth        | |  1.4
Ice Magic      | |  4.8

Action                   || total
-------------------------++-------
 Cast: Freeze            ||    18
Armor: Robe              ||     2
Dodge: Dodged            ||     5
